 Dungeon Crawl Stone Soup version 0.25-a0-737-g26c3a87c45 (webtiles) character file.

Game seed: 6459995445521647414, levelgen mode: classic

5568 Amnesiac the Frost Mage (level 10, -34/88 HPs)
             Began as a Ghoul Ice Elementalist on Apr 11, 2020.
             Was an Elder of Vehumet.
             Annihilated by an orc knight
             ... wielding a +0 halberd
              (48 damage)
             ... in a bailey.
             The game lasted 00:17:45 (8054 turns).

Amnesiac the Frost Mage (Ghoul Ice Elementalist)    Turns: 8054, Time: 00:17:46

Health: -34/88     AC:  6    Str: 13    XL:     10   Next: 72%
Magic:  0/18       EV: 11    Int: 13    God:    Vehumet [****..]
Gold:   386        SH:  5    Dex: 12    Spells: 14/22 levels left

rFire    . . .     SeeInvis .   a - +5 hunting sling (flame)
rCold    + . .     Gourm    .   C - +0 buckler
rNeg     + + +     Faith    .   y - +0 ring mail
rPois    ∞         Spirit   .   (no helmet)
rElec    .         Reflect  .   s - +0 cloak
rCorr    .         Harm     .   (no gloves)
MR       .....                  (no boots)
Stlth    +.........             (no amulet)
HPRegen  0.00/turn              g - +3 ring of dexterity
MPRegen  0.16/turn              B - ring of wizardry

@: frozen ramparts, very slightly contaminated, rotting
A: rotting body, claws 1, carnivore, cold resistance 1, negative energy
resistance 3, inhibited regeneration, torment resistance, unbreathing
a: Renounce Religion


You were in a bailey.
You worshipped Vehumet.
Vehumet was greatly pleased with you.
You were not hungry.

You visited 2 branches of the dungeon, and saw 10 of its levels.
You also visited: Sewer and Bailey.

You collected 386 gold pieces.

Inventory:

Hand Weapons
 a - a +5 hunting sling of flaming (weapon)
Missiles
 m - 19 curare-tipped darts
 v - 142 stones (quivered)
 x - 111 sling bullets
 L - 23 poisoned darts
Armour
 s - a +0 cloak (worn)
 y - a +0 ring mail (worn)
 C - a +0 buckler (worn)
 F - a +2 kite shield
Magical Staves
 j - an uncursed staff of wizardry {!a}
Jewellery
 g - a +3 ring of dexterity (left claw)
 h - an uncursed ring of fire
 n - an uncursed ring of protection from fire
 B - a ring of wizardry (right claw)
Wands
 p - a wand of random effects (5)
 D - a wand of flame (8)
 G - a wand of digging (6)
 P - a wand of enslavement (8)
Scrolls
 d - 3 scrolls of magic mapping {!r}
 e - a scroll of identify {!r}
 k - a scroll of random uselessness {!r, unknown}
 l - 5 scrolls of remove curse {!r}
 o - 2 scrolls of teleportation {!r}
 t - a scroll of blinking {!r}
 w - a scroll of torment {!r}
 A - a scroll of fog {!r}
 K - a scroll of enchant armour {!r}
Potions
 b - a potion of magic {!q}
 f - 3 potions of ambrosia {!q}
 i - 2 potions of flight {!q}
 z - 3 potions of curing {!q}
 H - 3 potions of heal wounds {!q}
 I - a potion of might {!q}
 J - 2 potions of brilliance {!q}
Comestibles
 c - 11 rations
 q - 2 chunks of flesh


   Skills:
 + Level 8.1 Fighting
 - Level 1.7 Dodging
 - Level 2.1 Stealth
 - Level 4.0 Shields
 + Level 6.5 Spellcasting
 * Level 12.1 Ice Magic


You had 14 spell levels left.
You knew the following spells:

 Your Spells              Type           Power        Failure   Level  Hunger
a - Freeze                Ice            ####         1%          1    None
b - Frozen Ramparts       Ice            #####.       1%          3    ###....
c - Summon Ice Beast      Ice/Summ       ###.....     12%         4    ####...

Your spell library contained the following spells:

 Spells                   Type           Power        Failure   Level  Hunger
 Mephitic Cloud           Conj/Pois/Air  #.......     12%         3    ###....
 Ozocubu's Armour         Chrm/Ice       ###.....     3%          3    ###....
 Hailstorm                Conj/Ice       ###.....     3%          4    ####...
 Animate Skeleton         Necr           N/A          14%         1    None
 Apportation              Tloc           #.....       14%         1    None
 Corona                   Hex            #......      14%         1    None
 Summon Small Mammal      Summ           #...         14%         1    None
 Metabolic Englaciation   Hex/Ice        ###.......   32%         5    ######.
 Confusing Touch          Hex            #.......     38%         3    ###....
 Gell's Gravitas          Tloc           #.........   38%         3    ###....
 Yara's Violent Unravell  Hex/Tmut       #.........   63%         5    ######.
 Petrify                  Tmut/Erth      #.......     77%         4    ####...


Dungeon Overview and Level Annotations

Branches:
Dungeon (9/15)             Temple (1/1) D:4           Sewer (visited)
 Bailey (1/1)
   Lair: D:8-11         Orc: D:9-12

Altars:
Ashenzari
Cheibriados
Dithmenos
Elyvilon
Fedhas
Gozag
Hepliaklqana
Kikubaaqudgha
Makhleb
Nemelex Xobeh
Okawaru
Qazlal
Ru
Sif Muna
Trog
Uskayaw
Vehumet
Wu Jian
Xom
Yredelemnul
Zin

Annotations:
D:4 3 runed translucent doors, Prakerore's ghost, amateur DgAE; Yehuk's ghost, amateur GrFi; viperstalker's ghost, amateur CeFi


Innate Abilities, Weirdness & Mutations

Your body is rotting away.
You thrive on raw meat.
You are immune to poison.
You have sharp fingernails.
You are carnivorous and can eat meat at any time.
Your flesh is cold resistant. (rC+)
You are immune to negative energy. (rN+++)
You do not regenerate when monsters are visible.
You are immune to unholy pain and torment.
You can survive without breathing.


Message History

Eat one of 6 chunks of flesh? (ye/n/q)
You eat one of the 6 chunks of flesh.
This raw flesh tastes great!
The wall freezes the orc warrior.
Your ice beast freezes the orc knight!
The wall freezes the orc knight!
The orc knight roars a battlecry!
The wall freezes the orc warrior.
The orc warrior unwields a +0 arbalest.
The orc warrior hits your ice beast but does no damage.
Eat one of 5 chunks of flesh? (ye/n/q)
You eat one of the 5 chunks of flesh.
This raw flesh tastes great!
The orc warrior shoots a bolt.
The bolt hits you!
* * * LOW HITPOINT WARNING * * *
The wall freezes the orc knight.
The orc knight hits you from afar with a +0 halberd!!
* * * LOW HITPOINT WARNING * * *
Really read
t - 2 scrolls of blinking {!r}?
Blink to where?
Press: ? - help, Dir - move target cursor, f - ice beast, p - orc knight
Aim: an ice beast (friendly, summoned)
Okay, then.
Unknown command.
Okay, then.
Unknown command.
Really read
t - 2 scrolls of blinking {!r}?
Blink to where?
Press: ? - help, Dir - move target cursor, p - orc knight
As you read the scroll of blinking {!r}, it crumbles to dust.
An orc knight comes into view. It is wielding a +0 glaive.
The orc knight shouts!
The orc knight roars a battlecry!
The orc knight goes into a battle-frenzy!
The wall freezes the orc warrior.
The orc warrior wields a +0 arbalest.
The orc warrior shoots a bolt.
The bolt misses you.
Your ice beast freezes the orc knight.
The wall freezes the orc knight!
The orc knight hits your ice beast with a +0 halberd!!
Your ice beast dies!
An orc comes into view. It is wielding a +0 trident.
The frozen ramparts melt away.
The orc moves out of view.
There is a gate leading back out of this place here.
You see here a bolt.
Really read
A - 2 scrolls of fog {!r}?
As you read the scroll of fog {!r}, it crumbles to dust.
The scroll dissolves into smoke.
Eating one of 4 chunks of flesh.
You eat one of the 4 chunks of flesh.
This raw flesh tastes great!
Eat one of 3 chunks of flesh? (ye/n/q)
Okay, then.
Okay, then.
Casting: Summon Ice Beast (safe; 12% risk of failure)
Confirm with . or Enter, or press ? or * to list all spells.
You don't have enough magic to cast that spell.
Eat one of 3 chunks of flesh? (ye/n/q)
You eat one of the 3 chunks of flesh.
This raw flesh tastes great!
The orc warrior shoots a bolt.
The bolt closely misses you.
Casting: Summon Ice Beast (safe; 12% risk of failure)
Confirm with . or Enter, or press ? or * to list all spells.
The walls around you are covered in ice.
The wall freezes the orc knight.
The orc knight hits you from afar with a +0 halberd!!
* * * LOW HITPOINT WARNING * * *
Really quaff
H - 4 potions of heal wounds {!q}?
You feel much better.
The wall freezes the orc knight.
The orc knight hits you from afar with a +0 halberd!!!
Ouch! That really hurt!
You die...

#### ##∩## ####
....##.∩.##....
≈≈≈..#)Yo#..≈≈≈
≈o≈≈.......≈≈o≈
o≈...o...≈o
≈o≈≈...§§..≈≈o≈
≈≈≈..#§§o#..≈≈≈
..o.##§o§##....
#### ##@## ####
###


You could see an orc knight and an orc warrior.

Vanquished Creatures
  Harold (D:8)
  Joseph (D:7)
  Grinder (D:5)
  Prince Ribbit (D:6)
  A hungry ghost (D:8)
  A water moccasin (D:5)
  3 orc warriors
  2 ice beasts (D:8)
  A black bear (D:6)
  A sky beast (D:6)
  5 ogres
  4 centaurs
  2 phantoms
  Blork the orc (D:5)
  3 big kobolds (Sewer)
  4 bullfrogs
  A water moccasin zombie (D:6)
  3 scorpions
  A killer bee (D:7)
  5 wights (D:8)
  2 howler monkeys (D:6)
  A centaur zombie (D:9)
  A crimson imp (D:8)
  3 hounds
  2 jellies
  9 orc wizards
  A quasit (D:7)
  A bullfrog skeleton (D:4)
  7 orc priests
  4 worker ants
  Natasha (thrice) (D:4)
  4 iguanas
  2 hound zombies
  A hound skeleton (D:4)
  7 adders
  4 river rats (Sewer)
  2 shadow imps
  An ooze (Sewer)
  An adder skeleton (D:8)
  A dart slug (D:2)
  A worm (D:3)
  4 leopard geckos
  37 orcs
  5 giant cockroaches
  7 hobgoblins
  5 jackals
  7 quokkas
  9 ball pythons
  10 bats
  3 frilled lizards
  14 goblins
  21 kobolds
  A leopard gecko skeleton (D:4)
  A quokka zombie (D:7)
  31 rats
255 creatures vanquished.

Notes
Turn   | Place    | Note
-------+----------+-------------------------------------------
     0 | D:1      | Amnesiac the Ghoul Ice Elementalist began the quest for the
                  | Orb.
     0 | D:1      | Reached XP level 1. HP: 14/14 MP: 2/2
    69 | D:1      | Reached XP level 2. HP: 8/22 MP: 0/3
   407 | D:1      | Reached skill level 1 in Fighting
   638 | D:2      | Reached XP level 3. HP: 24/28 MP: 1/5
   659 | D:3      | Reached skill level 5 in Ice Magic
   672 | D:3      | Learned a level 3 spell: Frozen Ramparts
   784 | D:4      | Reached XP level 4. HP: 21/35 MP: 2/6
   785 | D:4      | Noticed a phantom
   802 | D:4      | Got a shimmering leather armour
   881 | D:4      | Found a runed translucent gate.
   881 | D:4      | Found a runed translucent gate.
   881 | D:4      | Found a runed translucent gate.
   881 | D:4      | Noticed Prakerore's ghost (amateur DgAE)
   881 | D:4      | Noticed Yehuk's ghost (amateur GrFi)
   881 | D:4      | Noticed viperstalker's ghost (amateur CeFi)
   898 | D:4      | Noticed Natasha
   909 | D:4      | Killed Natasha
   909 | D:4      | Reached XP level 5. HP: 38/41 MP: 1/7
  1006 | D:4      | Noticed an ogre
  1008 | D:4      | Noticed a phantom
  1014 | D:4      | Killed an ogre
  1014 | D:4      | Reached skill level 6 in Ice Magic
  1015 | D:4      | Reached XP level 6. HP: 50/50 MP: 0/9
  1089 | D:4      | Found a staircase to the Ecumenical Temple.
  1095 | Temple   | Entered the Ecumenical Temple
  1653 | D:2      | Found an ancient bone altar of Kikubaaqudgha.
  1924 | D:2      | Identified the cursed +0 leather armour "Zuops" {MR- Str+5}
                  | (You found it on level 4 of the Dungeon)
  2338 | D:3      | Reached skill level 7 in Ice Magic
  2338 | D:3      | Reached XP level 7. HP: 47/57 MP: 5/11
  2976 | D:4      | Noticed Natasha
  2987 | D:4      | Killed Natasha
  3129 | D:4      | Noticed Natasha
  3137 | D:4      | Killed Natasha
  3221 | D:4      | Found a radiant altar of Vehumet.
  3222 | D:4      | You fall into a shaft and drop 2 floors!
  3229 | D:5      | Entered Level 5 of the Dungeon
  3229 | D:5      | Noticed Blork the orc
  3286 | D:4      | Became a worshipper of Vehumet
  3356 | D:5      | Killed Blork the orc
  3422 | D:5      | Reached skill level 8 in Ice Magic
  3582 | D:5      | Found a glowing drain.
  3592 | Sewer    | Entered a sewer
  3656 | Sewer    | Reached XP level 8. HP: 67/67 MP: 12/12
  3781 | Sewer    | Reached * piety under Vehumet
  3781 | Sewer    | Offered knowledge of Shock by Vehumet.
  3781 | Sewer    | Reached skill level 1 in Shields
  4340 | D:5      | Reached ** piety under Vehumet
  4340 | D:5      | Offered knowledge of Sandblast by Vehumet.
  4384 | D:5      | Reached skill level 5 in Fighting
  4552 | D:5      | Found a white marble altar of Elyvilon.
  4761 | D:6      | Reached skill level 9 in Ice Magic
  4788 | D:6      | Noticed Grinder
  4816 | D:5      | Paralysed by Grinder for 4 turns
  4827 | D:5      | Killed Grinder
  4827 | D:5      | Reached XP level 9. HP: 21/75 MP: 13/15
  4939 | D:6      | Noticed Prince Ribbit
  4950 | D:6      | Killed Prince Ribbit
  4950 | D:6      | Reached skill level 5 in Spellcasting
  5036 | D:6      | Offered knowledge of Stone Arrow by Vehumet.
  5036 | D:6      | Reached skill level 10 in Ice Magic
  5427 | D:6      | Reached *** piety under Vehumet
  5610 | D:6      | Found an opulent altar of Gozag.
  5610 | D:6      | Found an ornate altar of the Wu Jian Council.
  5655 | D:7      | Found an iron altar of Okawaru.
  5656 | D:7      | Found a burning altar of Makhleb.
  6099 | D:7      | Noticed Joseph
  6105 | D:7      | Killed Joseph
  6105 | D:7      | Reached XP level 10. HP: 49/86 MP: 9/17
  6124 | D:7      | Reached skill level 11 in Ice Magic
  6223 | D:7      | Found a hazy altar of Hepliaklqana.
  6227 | D:7      | Offered knowledge of Static Discharge by Vehumet.
  6382 | D:7      | Found a stormy altar of Qazlal.
  6498 | D:7      | Found a snail-covered altar of Cheibriados.
  6800 | D:8      | Found a shattered altar of Ashenzari.
  7044 | D:8      | Noticed Harold
  7062 | D:8      | Killed Harold
  7062 | D:8      | Reached **** piety under Vehumet
  7121 | D:8      | Reached skill level 12 in Ice Magic
  7986 | D:9      | Learned a level 4 spell: Summon Ice Beast
  8012 | D:9      | Found a flagged portal.
  8031 | Bailey   | Entered a bailey
  8031 | Bailey   | Noticed an orc knight
  8031 | Bailey   | Noticed an orc knight
  8042 | Bailey   | Offered knowledge of Mephitic Cloud by Vehumet.
  8048 | Bailey   | Noticed an orc knight
  8053 | Bailey   | HP: 2/88 [orc knight/+0 halberd (24)]
  8054 | Bailey   | Annihilated by an orc knight

Levels and vault maps discovered:
D:1:      minmay_arrival_stone_box, layout_loops_ring
D:2:      layout_rooms, lemuel_round_altar, minmay_circled_x
D:3:      layout_rooms
D:4:      layout_cave_pools, vehumet_altar_wand_db,
          minmay_temple_entry_enclosed_plants, first_ration,
          gammafunk_ghost_cemetery, minmay_starry_boxes, uniq_natasha
D:5:      layout_loops_cross, kennysheep_mini_moat, portal_sewer_entry_a,
          uniq_blork_the_orc
D:6:      layout_basic, gammafunk_temple_overflow_elements, uniq_grinder,
          uniq_prince_ribbit1
D:7:      layout_loops_corners, kennysheep_mini,
          gammafunk_temple_overflow_statue, lemuel_doored_altar,
          kennysheep_small_circle, uniq_joseph
D:8:      layout_cave_pods, lemuel_round_altar, uniq_harold
D:9:      layout_irregular_city, nicolae_tso_besieged_by_evil, enter_bailey_3
Temple:   minmay_temple_curvy_loop
Bailey:   bailey_polearm_4, bailey

Skill      XL: |  1  2  3  4  5  6  7  8  9 10 |
---------------+-------------------------------+-----
Spellcasting   | 2 3 4 5 6 |  6.5
Fighting       | 1 2 3 4 5 7 8 |  8.1
Ice Magic      | 5 6 7 8 9 10 12 | 12.1
Shields        | 2 4 |  4.0
Dodging        | |  1.7
Stealth        | |  2.1

Action                   |  1- 3 |  4- 6 |  7- 9 | 10-12 || total
-------------------------+-------+-------+-------+-------++-------
Melee: Unarmed           |    21 |       |       |       ||    21
       Whip              |    35 |    29 |       |       ||    64
       Short sword       |       |    21 |       |       ||    21
 Fire: Hunting sling     |       |    18 |   402 |   150 ||   570
 Cast: Freeze            |    27 |    53 |    77 |    30 ||   187
       Frozen Ramparts   |     2 |     6 |    23 |     7 ||    38
       Summon Ice Beast  |       |       |       |     2 ||     2
Evoke: Wand              |       |       |    13 |       ||    13
  Use: Scroll            |       |     2 |       |    18 ||    20
       Potion            |       |       |       |     6 ||     6
 Stab: Sleeping          |     1 |     2 |       |       ||     3
  Eat: Chunk             |    15 |    27 |    28 |    19 ||    89
Armor: Robe              |    18 |    11 |       |       ||    29
       Ring mail         |       |    22 |    92 |    18 ||   132
Dodge: Dodged            |    77 |    91 |   149 |    36 ||   353
Block: Buckler           |       |       |     6 |     9 ||    15

Table legend:
 A = Non-vault XP
 B = Vault XP
 C = Vault XP percentage of total XP
 D = Non-vault monster count
 E = Vault monster count
 F = Vault count percentage of total count
                 A         B        C        D         E       F
            +---------+---------+-------+---------+---------+-------
      Total |    5003 |    2952 |  37.1 |     182 |      73 |  28.6
            +---------+---------+-------+---------+---------+-------
        D:1 |      31 |       0 |   0.0 |      18 |       0 |   0.0
        D:2 |     189 |      17 |   8.3 |      25 |       4 |  13.8
        D:3 |     326 |       0 |   0.0 |      35 |       0 |   0.0
        D:4 |     232 |     267 |  53.5 |      12 |       6 |  33.3
        D:5 |     269 |     398 |  59.7 |       7 |       5 |  41.7
        D:6 |    1543 |     264 |  14.6 |      37 |       1 |   2.6
        D:7 |     590 |     508 |  46.3 |      18 |       3 |  14.3
        D:8 |    1772 |     970 |  35.4 |      29 |       1 |   3.3
        D:9 |      51 |       8 |  13.6 |       1 |       4 |  80.0
      Sewer |       0 |     404 | 100.0 |       0 |      48 | 100.0
     Bailey |       0 |     116 | 100.0 |       0 |       1 | 100.0
            +---------+---------+-------+---------+---------+-------
